 Dungeon Crawl Stone Soup version 0.19.1 (webtiles) character file.

1473 ChaseSP the Cleaver (level 9, 0/64 HPs)
             Began as a Formicid Abyssal Knight on Dec 2, 2016.
             Was a Priest of Lugonu.
             Slain by a centaur skeleton (3 damage)
             ... on level 6 of the Dungeon.
             The game lasted 00:07:42 (5111 turns).

ChaseSP the Cleaver (Formicid Abyssal Knight)       Turns: 5111, Time: 00:07:42

Health: 0/64       AC:  9    Str: 20    XL:     9   Next: 6%
Magic:  11/11      EV:  7    Int: 12    God:    Lugonu [***...]
Gold:   201        SH:  0    Dex: 10    Spells: 0 memorised, 8 levels left

rFire  . . .     SeeInvis +     l - +0 war axe
rCold  . . .     Gourm    .     A - +0 chain mail
rNeg   . . .     Faith    .     (no shield)
rPois  .         Spirit   .     (helmet unavailable)
rElec  .         Reflect  .     (no cloak)
rCorr  .         Harm     .     (no gloves)
MR     .....                    (no boots)
Stlth  ..........               y - amulet of magic regeneration
                                (no ring)
                                (no ring)

@: no status effects
A: permanent stasis, dig shafts and tunnels, four strong arms, antennae 3
a: Dig, Shaft Self, Depart the Abyss, Bend Space, Banish, Renounce Religion


You were on level 6 of the Dungeon.
You worshipped Lugonu.
Lugonu was most pleased with you.
You were hungry.

You visited 1 branch of the dungeon, and saw 6 of its levels.
You visited the Abyss 1 time.

You collected 201 gold pieces.

Inventory:

Hand Weapons
 g - a +0 morningstar
 l - a +0 war axe (weapon)
Missiles
 v - 12 bolts
Armour
 A - a +0 chain mail (worn)
Jewellery
 y - an amulet of magic regeneration (around neck)
Scrolls
 a - a scroll of immolation
 f - a scroll of noise
 k - 3 scrolls of remove curse
 n - a scroll of random uselessness {unknown}
 q - a scroll of blinking {unknown}
 w - 3 scrolls of enchant armour {unknown}
 x - 3 scrolls of amnesia {unknown}
 z - a scroll of teleportation {unknown}
Potions
 b - a potion of agility {unknown}
 e - a potion of haste {unknown}
 j - a potion of brilliance
 m - 2 potions of flight
 p - 2 potions of cancellation
 u - a potion of lignification {unknown}
Books
 i - a book of Air

   Spells                             Type                      Level
   a - Shock                          Conjuration/Air              1
   b - Swiftness                      Charms/Air                   2
   c - Repel Missiles                 Charms/Air                   2
   d - Static Discharge               Conjuration/Air              3
   e - Lightning Bolt                 Conjuration/Air              5
 r - a book of Conjurations

   Spells                             Type                      Level
   a - Magic Dart                     Conjuration                  1
   b - Searing Ray                    Conjuration                  2
   c - Dazzling Spray                 Conjuration/Hexes            3
   d - Fulminant Prism                Conjuration/Hexes            4
   e - Iskenderun's Mystic Blast      Conjuration                  4
   f - Iskenderun's Battlesphere      Conjuration/Charms           5
Comestibles
 c - 4 bread rations
 h - 2 meat rations
 o - a slice of pizza
 s - 10 fruits
 t - 2 beef jerkies
 B - 8 chunks of flesh


   Skills:
 - Level 3.2 Fighting
 * Level 10.4 Axes
 - Level 2.9 Armour
 - Level 0.8 Dodging
 - Level 3.0 Invocations


You had 8 spell levels left.
You didn't know any spells.

Dungeon Overview and Level Annotations

Branches:
Dungeon (6/15)             Temple (0/1) D:5

Altars:
Nemelex Xobeh
Qazlal
Uskayaw
Xom


Innate Abilities, Weirdness & Mutations

You are under a permanent stasis effect.
You can dig through walls and to a lower floor.
Your four strong arms can wield two-handed weapons with a shield.
You have a pair of large antennae on your head. (SInv)


Message History

The sky beast flickers out of sight for a moment.
The sky beast hits you.
* * * LOW HITPOINT WARNING * * *
The sky beast shocks you.
* * * LOW HITPOINT WARNING * * *
You slash the sky beast!
You kill the sky beast!
Lugonu accepts your kill.
You have reached level 9!
Your experience leads to an increase in your attributes!
Increase (S)trength, (I)ntelligence, or (D)exterity?
You feel stronger.
You hit the centaur skeleton but do no damage.
The centaur skeleton hits you but does no damage.
You slash the centaur skeleton!
The centaur skeleton is heavily damaged.
The centaur skeleton hits you.
* * * LOW HITPOINT WARNING * * *
The centaur skeleton hits you.
You die...

#.# ##.#..###..#
##.#####..#..#..##
#.P≈...##..#....#
#.≈≈≈≈.##..##..##
#.≈≈≈≈.###.....##########
#.≈≈≈≈.##..###..#........
#.≈≈≈.P..### ###.........
#.......## ###........
####...## #@#........
##..## ##Z≈†......
###.### ##........
##..#### #......!.
#..###.## #........
.####...## #........
###......## ##.......
##........## .......
#..........## ......


You could see a centaur skeleton.

Vanquished Creatures
  A hippogriff (D:4)
  Sigmund (D:5)
  A sky beast (D:6)
  An ogre (D:5)
  A phantom (D:5)
  Blork the orc (D:6)
  A bullfrog (D:6)
  A water moccasin zombie (D:6)
  A scorpion (D:5)
  3 crimson imps (D:5)
  2 bullfrog zombies (D:6)
  A centaur zombie (D:6)
  3 orc wizards
  2 bullfrog skeletons (D:6)
  Ijyb (D:3)
  An iguana (D:5)
  A worker ant (D:5)
  A hound zombie (D:6)
  A worker ant zombie (D:6)
  A howler monkey zombie (D:6)
  7 adders
  2 oozes
  An adder skeleton (D:4)
  2 worms
  3 dart slugs
  4 leopard geckos
  8 orcs
  2 ball pythons
  6 giant cockroaches
  12 goblins
  2 hobgoblins (D:1)
  9 jackals
  4 quokkas
  9 bats
  7 frilled lizards
  A jackal skeleton (D:4)
  14 kobolds
  A leopard gecko skeleton (D:4)
  7 rats
127 creatures vanquished.

Notes
Turn   | Place    | Note
-------+----------+-------------------------------------------
     0 | Abyss:1  | ChaseSP the Formicid Abyssal Knight began the quest for the Orb.
     0 | Abyss:1  | Reached XP level 1. HP: 18/18 MP: 2/2
    35 | Abyss:1  | Noticed a small abomination
    35 | D:1      | Escaped the Abyss
   308 | D:1      | Reached XP level 2. HP: 24/24 MP: 3/3
   392 | D:1      | Reached skill level 3 in Axes
   403 | D:1      | Reached * piety under Lugonu
   403 | D:1      | Reached XP level 3. HP: 27/29 MP: 4/4
   985 | D:2      | Reached XP level 4. HP: 35/35 MP: 5/5
  1020 | D:2      | Reached skill level 4 in Axes
  1328 | D:3      | Reached ** piety under Lugonu
  1474 | D:3      | Found a sparkling altar of Nemelex Xobeh.
  1489 | D:3      | Noticed Ijyb
  1509 | D:3      | Killed Ijyb
  1509 | D:3      | Reached XP level 5. HP: 40/41 MP: 6/6
  1835 | D:3      | Found a hide-covered altar of Uskayaw.
  1860 | D:3      | Reached skill level 5 in Axes
  2310 | D:4      | Reached XP level 6. HP: 37/47 MP: 8/8
  2324 | D:4      | Noticed an ogre
  2457 | D:4      | Noticed an ogre
  2711 | D:4      | Noticed a hippogriff
  2719 | D:4      | Killed a hippogriff
  2719 | D:4      | Reached skill level 6 in Axes
  2719 | D:4      | Reached XP level 7. HP: 19/52 MP: 9/9
  3169 | D:4      | Found a stormy altar of Qazlal.
  3250 | D:5      | Entered Level 5 of the Dungeon
  3293 | D:5      | Found a shimmering altar of Xom.
  3347 | D:5      | Reached skill level 7 in Axes
  3348 | D:5      | Found a staircase to the Ecumenical Temple.
  3578 | D:5      | Reached *** piety under Lugonu
  3799 | D:5      | Reached skill level 8 in Axes
  3799 | D:5      | Reached XP level 8. HP: 38/58 MP: 10/10
  3993 | D:5      | Noticed Sigmund
  4009 | D:5      | Killed Sigmund
  4285 | D:6      | Reached skill level 9 in Axes
  4918 | D:6      | Noticed Blork the orc
  4941 | D:6      | Killed Blork the orc
  4941 | D:6      | Reached skill level 10 in Axes
  5109 | D:6      | Reached XP level 9. HP: 6/64 MP: 11/11
  5111 | D:6      | HP: 3/64 [centaur skeleton (4)]
  5111 | D:6      | Slain by a centaur skeleton

Skill      XL: |  1  2  3  4  5  6  7  8 |
---------------+-------------------------+-----
Axes           | 3 4 5 6 8 10 | 10.4
Invocations    | 3 |  3.0
Fighting       | |  3.2
Armour         | |  2.9
Dodging        | |  0.8

Action                   |  1- 3 |  4- 6 |  7- 9 || total
-------------------------+-------+-------+-------++-------
Melee: Hand axe          |    76 |       |       ||    76
       War axe           |    35 |   154 |   251 ||   440
Invok: Depart the Abyss  |     1 |       |       ||     1
       Bend Space        |       |     2 |     1 ||     3
 Abil: Dig               |       |     1 |     3 ||     4
  Use: Scroll            |       |       |     6 ||     6
       Potion            |       |       |     2 ||     2
 Stab: Distracted        |       |       |     1 ||     1
  Eat: Chunk             |       |     5 |     9 ||    14
Armor: Leather armour    |    33 |       |       ||    33
       Ring mail         |       |    57 |    20 ||    77
       Chain mail        |       |       |   100 ||   100
Dodge: Dodged            |   103 |    93 |    97 ||   293
